 Dungeon Crawl Stone Soup version 0.16.0 (webtiles) character file.

1792 Minkie the Carver (level 9, -2/42 HPs)
             Began as a Vine Stalker Skald on Mar 19, 2015.
             Was a Believer of Okawaru.
             Slain by Sigmund
             ... wielding a +0 scythe
              (9 damage)
             ... on level 6 of the Dungeon.
             The game lasted 00:21:36 (3685 turns).

Minkie the Carver (Vine Stalker Skald)              Turns: 3685, Time: 00:21:36

Health: -2/42      AC:  7    Str: 14    XL:     9   Next: 9%
Magic:  0/18       EV: 10    Int: 15    God:    Okawaru [**....]
Gold:   309        SH:  0    Dex: 15    Spells: 2 memorised, 8 levels left

rFire  . . .     SeeInvis .     a - +0 falchion
rCold  . . .     Clarity  .     M - +0 ring mail
rNeg   . . .     SustAb   +     (no shield)
rPois  .         Gourm    .     (no helmet)
rElec  .         Spirit   +     (no cloak)
rCorr  .         Warding  .     p - +0 pair of gloves
rMut   .         Stasis   .     n - +0 pair of boots (curse)
MR     +....                    (no amulet)
Stlth  ..........               (no ring)
                                C - ring of sustain abilities

@: confused, somewhat resistant to hostile enchantments, extremely unstealthy
A: fangs 3, regeneration 2, magic shield, antimagic bite, no device heal 3, rot
immunity
a: Heroism, Renounce Religion


You were on level 6 of the Dungeon.
You worshipped Okawaru.
Okawaru was pleased with you.
You were hungry.

You visited 2 branches of the dungeon, and saw 7 of its levels.

You collected 309 gold pieces.

Inventory:

Hand weapons
 a - a +0 falchion (weapon)
Missiles
 I - 11 tomahawks (quivered)
Armour
 n - a cursed +0 pair of boots (worn)
 p - a +0 pair of gloves (worn)
 M - a +0 ring mail (worn)
Magical staves
 E - an uncursed staff of death
Rods
 K - a +0 lightning rod (12/12)
   (You found it on level 4 of the Dungeon)
Jewellery
 C - a ring of sustain abilities (left hand)
Magical devices
 v - a wand of teleportation (5)
 O - a wand of cold (3)
Scrolls
 e - 2 scrolls of amnesia {unknown}
 f - a scroll of fog {unknown}
 j - a scroll of blinking {unknown}
 k - 2 scrolls of magic mapping
 l - 2 scrolls of fear
 m - 2 scrolls of immolation
 r - 5 scrolls of teleportation
 y - 2 scrolls of remove curse {unknown}
 D - a scroll of enchant armour {unknown}
 G - 2 scrolls of enchant weapon {unknown}
 J - a scroll of noise {unknown}
 L - a scroll of silence {unknown}
Potions
 g - 2 potions of cure mutation
 h - 2 potions of agility
 o - a potion of heal wounds
 t - 2 potions of restore abilities {unknown}
 w - 2 potions of haste {unknown}
 x - a potion of ambrosia {unknown}
 A - 4 potions of curing {unknown}
 B - 3 potions of poison {unknown}
 H - 2 potions of brilliance {unknown}
 N - 2 potions of might {unknown}
 P - 3 potions of magic {unknown}
Books
 c - a book of Battle

   Spells                             Type                      Level
   a - Infusion                       Charms                       1
   b - Shroud of Golubria             Charms/Translocation         2
   c - Song of Slaying                Charms                       2
   d - Spectral Weapon                Hexes/Charms                 3
   e - Regeneration                   Charms/Necromancy            3
 u - a book of Hinderance

   Spells                             Type                      Level
   a - Confusing Touch                Hexes                        2
   b - Confuse                        Hexes                        3
   c - Petrify                        Transmutation/Earth          4
   d - Metabolic Englaciation         Hexes/Ice                    5
   e - Gell's Gravitas                Hexes/Translocation          5
   f - Summon Mana Viper              Hexes/Summoning              5
Comestibles
 b - 2 chunks of flesh
 d - 7 bread rations
 q - a slice of pizza
 s - 3 fruits
 z - 2 meat rations
 F - a beef jerky


   Skills:
 - Level 2.0 Fighting
 + Level 8.9 Long Blades
 - Level 0.7 Armour
 - Level 0.7 Dodging
 - Level 2.1 Spellcasting
 - Level 6.1 Hexes
 - Level 3.0 Charms


You had 8 spell levels left.
You knew the following spells:

 Your Spells              Type           Power        Failure   Level  Hunger
a - Infusion              Chrm           ##....       14%         1    #......
b - Confuse               Hex            ###.....     12%         3    ###....


Dungeon Overview and Level Annotations

Branches:
Dungeon (6/15)             Temple (1/1) D:4

Altars:
Ashenzari
Dithmenos
Elyvilon
Fedhas
Gozag
Makhleb
Nemelex Xobeh
Okawaru
Qazlal
Ru
Trog
Vehumet
Xom
Yredelemnul
Zin
The Shining One

Shops:
D:4 =   D:6 }

Annotations:
D:6 Sigmund


Innate Abilities, Weirdness & Mutations

You have razor-sharp teeth.
You heal very quickly.
When hurt, damage is shared between your health and your magic reserves.
Your bite disrupts and absorbs the magic of your enemies.
Potions and wands cannot restore your health.
You are immune to rotting.


Message History

You drain its magic.
You feel invigorated.
You kill the shadow imp!
Okawaru accepts your kill. The bat barely misses you. Something hits you!
A giant spore comes into view.
The giant spore waves its rhizomes.
The bat hits you but does no damage.
The giant spore explodes!
The explosion of spores engulfs something.
The explosion of spores engulfs you!
You are confused.
* * * LOW HITPOINT WARNING * * *
The bat appears confused.
The explosion of spores engulfs the bat.
The bat dies!
You hear a shout! x2
Found 15 gold pieces and a mace.
There is an open door here.
You bump into the stone wall.
Something hits you!
You die...

#.....#,,,,,,*,,,,,,* *,,,,,,,
##....#,,),,,,,,,.,,* *,,,,,,,
#....#,.z,,,,,,,.O,***,,,,,,,
##.()#....,,,,,....*,,,,,*,,,
#(..##...#####...#*,,,,,,,,,
#..).#....$.)....#**,,,,,,,,
#....##.........#***,,,,,,,,
##....####...{.#****,,,****** #
#.....##.###@####*,,*,,* *
#####.........#.†...#,**,,** *
..............<..###.#**,** *
.................# ****,,,** **
.##.....#.#......#***,,,,*,** *,
####.......#.....##.,,,,,**,* *#,
# ###...##...........,,,,,,.###..
###.....#....#........,,..*#.#..#
##..........##............#*....*


You could see an ogre and a wight.

Vanquished Creatures
  A centaur skeleton (D:6)
  Menkaure (D:5)
  An ice beast (D:6)
  A phantom (D:4)
  3 ogres
  A centaur (D:6)
  Blork the orc (D:5)
  A giant frog (D:6)
  2 scorpions
  2 centaur zombies
  A jelly (D:6)
  A gnoll shaman (D:5)
  2 hounds (D:5)
  2 orc wizards
  Natasha (D:5)
  2 worker ants
  6 gnolls (D:5)
  10 adders
  A shadow imp (D:6)
  A giant mite (D:6)
  5 worms
  A giant gecko (D:3)
  An ooze (D:3)
  21 orcs
  A bat zombie (D:5)
  A giant cockroach (D:3)
  12 goblins
  12 hobgoblins
  15 bats
  A giant gecko skeleton (D:5)
  6 giant newts
  13 jackals
  11 kobolds
  2 quokkas
  A quokka skeleton (D:4)
  14 rats
158 creatures vanquished.

Vanquished Creatures (others)
  A bat (D:6)
  A giant spore (D:6)
2 creatures vanquished.

Grand Total: 160 creatures vanquished

Notes
Turn   | Place    | Note
--------------------------------------------------------------
     0 | D:1      | Minkie, the Vine Stalker Skald, began the quest for the Orb.
     0 | D:1      | Reached XP level 1. HP: 11/11 MP: 3/3
    90 | D:1      | Reached XP level 2. HP: 15/15 MP: 5/5
   202 | D:1      | Found a sparkling altar of Nemelex Xobeh.
   280 | D:1      | Reached XP level 3. HP: 16/18 MP: 7/7
   711 | D:2      | Reached XP level 4. HP: 23/23 MP: 8/8
   732 | D:2      | Found a blossoming altar of Fedhas.
   749 | D:2      | Reached skill level 4 in Long Blades
   868 | D:2      | Reached XP level 5. HP: 18/26 MP: 9/11
   930 | D:2      | Found a white marble altar of Elyvilon.
   957 | D:2      | Found an opulent altar of Gozag.
  1085 | D:3      | Found a shattered altar of Ashenzari.
  1318 | D:3      | Reached skill level 5 in Long Blades
  1562 | D:4      | Gained mutation: You heal very quickly. [vine stalker growth]
  1562 | D:4      | Reached XP level 6. HP: 24/30 MP: 10/12
  1589 | D:4      | Learned a level 3 spell: Confuse
  1742 | D:4      | Noticed a phantom
  1763 | D:4      | Killed a phantom
  1763 | D:4      | Reached skill level 1 in Hexes
  1861 | D:4      | Reached skill level 6 in Long Blades
  1941 | D:4      | Found Praud's Jewellery Shop.
  2015 | D:4      | Found a staircase to the Ecumenical Temple.
  2016 | D:4      | Noticed a phantom
  2032 | Temple   | Entered the Ecumenical Temple
  2119 | Temple   | Became a worshipper of Warmaster Okawaru
  2379 | D:5      | Entered Level 5 of the Dungeon
  2439 | D:5      | Reached XP level 7. HP: 35/35 MP: 12/14
  2572 | D:5      | Noticed Menkaure
  2579 | D:5      | Killed Menkaure
  2585 | D:5      | Noticed Blork the orc
  2593 | D:5      | Killed Blork the orc
  2593 | D:5      | Acquired Okawaru's first power
  2733 | D:5      | Noticed Natasha
  2747 | D:5      | Killed Natasha
  2747 | D:5      | Reached skill level 7 in Long Blades
  2747 | D:5      | Gained mutation: You have razor-sharp teeth. [vine stalker growth]
  2747 | D:5      | Reached XP level 8. HP: 21/39 MP: 9/16
  2784 | D:5      | HP: 1/39 [gnoll/halberd (5)]
  3193 | D:6      | Reached skill level 5 in Hexes
  3356 | D:6      | Noticed a centaur skeleton
  3362 | D:6      | Killed a centaur skeleton
  3362 | D:6      | Reached skill level 8 in Long Blades
  3455 | D:6      | Reached XP level 9. HP: 36/42 MP: 15/18
  3594 | D:6      | Found Pniastawn's Gadget Boutique.
  3677 | D:6      | Noticed Sigmund
  3685 | D:6      | Slain by Sigmund

Action                   |  1- 3 |  4- 6 |  7- 9 || total
-------------------------+-------+-------+-------++-------
Melee: Falchion          |    78 |   198 |   184 ||   460
  Use: Scroll            |       |       |     7 ||     7
  Eat: Chunk             |       |     5 |     4 ||     9
